 Dungeon Crawl Stone Soup version 0.28-a0-1429-gf3d713df7a (webtiles) character file.

Game seed: 11215268765240221314

3507 HallandMoats the Skirmisher (level 9, -17/78 (79) HPs)
             Began as a Minotaur Fighter on Jan 9, 2022.
             Was a Priest of Okawaru.
             Killed from afar by a gargoyle (27 damage)
             ... with a stone arrow
             ... on level 6 of the Dungeon.
             The game lasted 00:06:56 (5260 turns).

HallandMoats the Skirmisher (Minotaur Fighter)      Turns: 5260, Time: 00:06:56

HP:   -17/78 (79)   AC: 12    Str: 26    XL:     9   Next: 81%
MP:   10/11         EV: 14    Int:  7    God:    Okawaru [***...]
Gold: 269           SH:  7    Dex: 13    Spells: 8/8 levels left

rFire   . . .      SeeInvis .   a - +0 war axe
rCold   . . .      Faith    .   c - +0 buckler
rNeg    . . .      Spirit   .   i - +0 scale mail
rPois   +          Reflect  .   (helmet restricted)
rElec   .          Harm     .   f - +0 cloak
rCorr   .          Rampage  .   s - +0 pair of gloves
Will    .....                   (no boots)
Stlth   +.........              (no amulet)
HPRegen 0.23/turn               p - ring of poison resistance
MPRegen 0.12/turn               q - +6 ring of strength

@: mighty, heroic, lightly drained
A: horns 2, retaliatory headbutt
a: Renounce Religion, Heroism


You were on level 6 of the Dungeon.
You worshipped Okawaru.
Okawaru was most pleased with you.
You visited 2 branches of the dungeon, and saw 8 of its levels.

You collected 269 gold pieces.

Inventory:

Hand Weapons
 a - a +0 war axe (weapon)
 b - the +5 hunting sling "Bypsysh" {flame, rElec rF++ rCorr Int-4}
   (You found it on level 3 of the Dungeon)

   Any ammunition fired from it burns those it strikes, dealing additional fire
   damage.
   Int:       It affects your intelligence (-4).
   rF:        It greatly protects you from fire.
   rElec:     It insulates you from electricity.
   rCorr:     It protects you from acid and corrosion.
Missiles
 j - 20 sling bullets
Armour
 c - a +0 buckler (worn)
 f - a +0 cloak (worn)
 i - a +0 scale mail (worn)
 s - a +0 pair of gloves (worn)
Jewellery
 p - a ring of poison resistance (left hand)
 q - a +6 ring of strength (right hand)
 t - a ring of resist corrosion
Wands
 k - a wand of charming (9)
 u - a wand of flame (14)
 w - a wand of paralysis (9)
 x - a wand of iceblast (5)
Scrolls
 e - a scroll of immolation {unknown}
 g - 3 scrolls of blinking
 h - 3 scrolls of teleportation
 l - a scroll of magic mapping
 m - 3 scrolls of amnesia
 y - a scroll of fear
 B - 3 scrolls of identify
 C - a scroll of fog {unknown}
Potions
 d - 2 potions of might
 n - a potion of brilliance {unknown}
 o - 2 potions of cancellation
 r - a potion of heal wounds {unknown}
 v - 3 potions of flight
 A - 3 potions of attraction {unknown}


   Skills:
 + Level 7.3(12.3) Fighting
 + Level 6.8(11.8) Axes
 * Level 6.4(11.4) Slings
 + Level 7.2(12.2) Armour
 + Level 5.7(10.7) Dodging
 - Level 6.4(11.4) Shields
 + Level 5.1 Invocations


You had 8 spell levels left.
You didn't know any spells.
Your spell library contained the following spells:

 Spells                   Type           Power      Damage    Failure   Level
 Conjure Flame            Conj/Fire      0%         6-21      97%         3
 Ignite Poison            Fire/Tmut/Pois 0%         N/A       97%         3
 Stone Arrow              Conj/Erth      0%         3d7       97%         3
 Sticky Flame             Conj/Fire      0%         2d3       100%        4
 Orb of Destruction       Conj           0%         N/A       100%        7
 Storm Form               Tmut/Air       0%         N/A       100%        7
 Lehudib's Crystal Spear  Conj/Erth      0%         10d2      100%        8
 Maxwell's Capacitive Co  Air            0%         ∞         100%        8
 Summon Guardian Golem    Hex/Summ       Unusable   N/A       N/A         3
 Animate Armour           Summ/Erth      Unusable   N/A       N/A         4
 Summon Lightning Spire   Summ/Air       Unusable   N/A       N/A         4
 Spellforged Servitor     Conj/Summ      Unusable   N/A       N/A         7

Dungeon Overview and Level Annotations

Branches:
Dungeon (7/15)             Temple (1/1) D:5

Altars:
Ashenzari
Cheibriados
Dithmenos
Elyvilon
Fedhas
Gozag
Hepliaklqana
Kikubaaqudgha
Makhleb
Nemelex Xobeh
Okawaru
Qazlal
Ru
Sif Muna
Trog
Uskayaw
Vehumet
Wu Jian
Xom
Yredelemnul
Zin
The Shining One

Shops:
D:7 *


Innate Abilities, Weirdness & Mutations

You have a pair of horns on your head.
You reflexively headbutt those who attack you in melee.


Message History

The gargoyle hurls a stone arrow at you.
The stone arrow misses you.
Fire: 21 sling bullets
Press: ? - help, Q - select action, (/) - cycle Shift-Dir - straight line, f/p - gargoyle
Aim: a gargoyle, wielding a +0 mace (severely damaged, 82% to hit)
You shoot a sling bullet.
The sling bullet hits the gargoyle but does no damage.
The gargoyle is severely damaged.
You feel like a meek peon again.
Okay, then.
You gain the combat prowess of a mighty hero.
The gargoyle hurls a stone arrow at you.
The stone arrow misses you.
You feel very mighty all of a sudden. The gargoyle closely misses you.
The +5 hunting sling "Bypsysh" {flame, rElec rF++ rCorr Int-4} stops flaming.
a - a +0 war axe (weapon)
The gargoyle hurls a stone arrow at you.
The stone arrow misses you.
You hit the gargoyle but do no damage.
The gargoyle is severely damaged.
The gargoyle hits you with a +0 mace.
* * * LOW HITPOINT WARNING * * *
You hit the gargoyle.
The gargoyle is almost destroyed.
The gargoyle misses you.
You hit the gargoyle but do no damage.
The gargoyle is almost destroyed.
You hit the gargoyle.
The gargoyle is almost destroyed.
The gargoyle completely misses you.
You hit the gargoyle.
The gargoyle is almost destroyed.
The gargoyle misses you.
You hit the gargoyle but do no damage.
You headbutt the gargoyle, but do no damage.
The gargoyle is almost destroyed.
The gargoyle hurls a stone arrow at you.
The stone arrow hits you!!
You die...

..# #.(....+..# ..#
#).....##.#
..#######......##.####
..†...........[.[...>######
..#########....##.........#
..# #####.)..#....#####.# +##
#........#.##.....#.# .#
#.####...#.#......#.# .# #.#
#...#@#.#z...#.#
.######'####...#9#...#....#
.##............#(###.#..###
.##............#(..z.#..#
.##.........##########..######
............# #.........#
............########†#######.#
##.#.#...#####..........# #.#
.##..#.#.# #..........# #.#


You could see a gargoyle.

Vanquished Creatures
  Maggie (D:7)
  The ghost of wotkd0121004 the Sneak, a novice OpEE (D:5)
  Sigmund (D:5)
  2 water moccasins
  Duvessa (D:6)
  2 ice beasts (D:6)
  A black bear (D:6)
  An orc warrior (D:6)
  4 ogres
  2 phantoms (D:5)
  A centaur (D:6)
  Blork the orc (D:5)
  A wyvern zombie (D:6)
  4 bullfrogs
  A scorpion (D:6)
  Dowan (D:6)
  A water moccasin skeleton (D:5)
  2 wights
  5 killer bees (D:6)
  A bullfrog zombie (D:5)
  7 hounds
  2 jellies
  Crazy Yiuf (D:5)
  An orc priest (D:7)
  Ijyb (D:3)
  Jessica (D:3)
  2 iguanas (D:5)
  2 orc wizards
  A hound zombie (D:5)
  3 howler monkey zombies (D:5)
  5 gnolls
  5 adders
  A shadow imp (D:6)
  4 ufetubi
  2 worms (D:2)
  A dart slug (D:4)
  10 orcs
  4 bats
  5 endoplasms
  2 giant cockroaches
  2 goblins
  7 hobgoblins
  6 quokkas
  6 ball pythons
  7 frilled lizards
  5 kobolds
  7 rats
134 creatures vanquished.

Vanquished Creatures (others)
  A fungus (D:1)
  5 plants (D:1)
6 creatures vanquished.

Grand Total: 140 creatures vanquished

Notes
Turn   | Place    | Note
-------+----------+-------------------------------------------
     0 | D:1      | HallandMoats the Minotaur Fighter began the quest for the
                  | Orb.
     0 | D:1      | Reached XP level 1. HP: 19/19 MP: 0/0
   319 | D:1      | Found a faded altar of an unknown god.
   326 | D:1      | Reached XP level 2. HP: 20/27 MP: 1/1
   959 | D:2      | Reached XP level 3. HP: 33/33 MP: 2/2
  1048 | D:2      | Reached skill level 1 in Invocations
  1133 | D:2      | Reached skill level 1 in Dodging
  1453 | D:3      | Identified the +5 hunting sling "Bypsysh" {flame, rElec
                  | rF++ rCorr Int-4}
  1485 | D:3      | Noticed Ijyb
  1497 | D:3      | Killed Ijyb
  1498 | D:3      | Reached XP level 4. HP: 40/40 MP: 3/3
  1687 | D:3      | Reached XP level 5. HP: 46/46 MP: 5/5
  1691 | D:3      | Reached skill level 5 in Shields
  1832 | D:3      | Noticed Jessica
  1834 | D:3      | Killed Jessica
  1996 | D:4      | You fall into a shaft and drop 1 floor!
  1996 | D:5      | Entered Level 5 of the Dungeon
  2014 | D:5      | Found a transporter.
  2014 | D:5      | Noticed wotkd0121004's ghost (novice OpEE)
  2014 | D:5      | Noticed a water moccasin
  2040 | D:5      | Noticed a phantom
  2041 | D:5      | Noticed an ogre
  2047 | D:5      | Killed a phantom
  2048 | D:5      | Reached XP level 6. HP: 53/53 MP: 6/6
  2233 | D:4      | Reached XP level 7. HP: 60/60 MP: 7/7
  2495 | D:4      | Reached skill level 5 in Fighting
  2495 | D:4      | Reached skill level 5 in Armour
  2628 | D:5      | Found a staircase to the Ecumenical Temple.
  2655 | Temple   | Entered the Ecumenical Temple
  2945 | Temple   | Became a worshipper of Warmaster Okawaru
  3020 | D:5      | Noticed Sigmund
  3027 | D:5      | Killed Sigmund
  3028 | D:5      | Reached skill level 1 in Slings
  3114 | D:5      | Noticed Blork the orc
  3121 | D:5      | Killed Blork the orc
  3122 | D:5      | Reached XP level 8. HP: 69/69 MP: 9/9
  3173 | D:5      | Found a runed translucent door.
  3174 | D:5      | Noticed Crazy Yiuf
  3295 | D:5      | Found a transporter.
  3320 | D:5      | Reached skill level 5 in Axes
  3382 | D:5      | Reached * piety under Okawaru
  3717 | D:5      | Killed Crazy Yiuf
  3880 | D:5      | Killed wotkd0121004's ghost
  4023 | D:6      | Reached ** piety under Okawaru
  4034 | D:6      | Reached XP level 9. HP: 43/77 MP: 11/11
  4294 | D:6      | Found a burning altar of Makhleb.
  4357 | D:6      | Noticed Dowan
  4359 | D:6      | Noticed Duvessa
  4363 | D:6      | Killed Dowan
  4364 | D:6      | Reached skill level 5 in Slings
  4364 | D:6      | Reached skill level 5 in Dodging
  4367 | D:6      | Killed Duvessa
  4437 | D:6      | Reached *** piety under Okawaru
  4974 | D:6      | Found a sacrificial altar of Ru.
  5030 | D:7      | Found Ataham's Fire Supplies.
  5050 | D:7      | Noticed Maggie
  5062 | D:7      | Killed Maggie
  5063 | D:7      | Reached skill level 5 in Invocations
  5197 | D:7      | Noticed a gargoyle
  5202 | D:7      | Received a gift from Okawaru
  5260 | D:6      | Killed from afar by a gargoyle

Illustrated notes

Levels and vault maps discovered:
D:1:      lemuel_arrival_river_ford, layout_loops_ring,
          shapermc_ecumenical_altar_mp_ritualfount
D:2:      layout_basic, corexii_hall_statues_t
D:3:      layout_rooms, uniq_jessica, uniq_ijyb
D:4:      layout_cave_pools, minmay_small_thing
D:5:      minmay_recursive_quarters, layout_basic,
          minmay_temple_entry_statues_fountains, gammafunk_ghost_arena,
          uniq_crazy_yiuf_cottage, uniq_sigmund, uniq_blork_the_orc
D:6:      layout_basic, nicolae_ru_the_path_less_chosen, minmay_ruined_shrine,
          uniq_duvessa
D:7:      layout_cave_pools, nicolae_shop_fire_sale [nicolae_sub_dead_trees],
          uniq_maggie, uniq_harold
Temple:   mainiacjoe_temple_circle_huts

Skill      XL: |  1  2  3  4  5  6  7  8  9 |
---------------+----------------------------+-----
Shields        | 4 5 6 |  6.4
Invocations    | 1 2 3 4 5 |  5.1
Dodging        | 1 2 3 4 5 |  5.7
Axes           | 3 4 5 6 |  6.8
Fighting       | 4 5 6 7 |  7.3
Armour         | 4 5 6 7 |  7.2
Slings         | 2 4 6 |  6.4

Action                   |  1- 3 |  4- 6 |  7- 9 || total
-------------------------+-------+-------+-------++-------
Melee: War axe           |    75 |       |    13 ||    88
       Headbutt          |     9 |       |     1 ||    10
 Fire: Hunting sling     |     7 |    79 |   203 ||   289
Invok: Heroism           |       |       |     3 ||     3
  Use: Scroll            |       |       |     7 ||     7
       Potion            |       |       |     2 ||     2
Armor: Scale mail        |    37 |     1 |    35 ||    73
Dodge: Dodged            |    36 |     7 |    88 ||   131
Block: Buckler           |    16 |     2 |    40 ||    58

Table legend: (Time is in decaauts)
 A = Elapsed time spent in this place.
 B = Non-inter-level travel time spent in this place.
 C = Inter-level travel time spent in this place.
 D = Time resting spent in this place.
 E = Time spent auto-exploring this place.
 F = Levels seen in this place.
 G = Mean time per level.
                   A        B        C        D        E       F      G
               +--------+--------+--------+--------+--------+-----+--------+
         Total |   5323 |   5090 |    233 |     12 |   4109 |   8 |  665.4 |
       Dungeon |   5022 |   4805 |    217 |     12 |   3847 |   7 |  717.4 |
        Temple |    300 |    284 |     16 |      0 |    262 |   1 |  300.0 |
               +--------+--------+--------+--------+--------+-----+--------+

Top non-repeatable levels by time:
     D:5: 1348 daAuts
     D:6: 866 daAuts
     D:1: 807 daAuts
     D:2: 686 daAuts
     D:4: 638 daAuts
     D:3: 464 daAuts
  Temple: 300 daAuts
     D:7: 209 daAuts
